 Dungeon Crawl Stone Soup version 0.30-a0-1123-gabc949cf19 (webtiles) character file.

Game seed: 2819793329155348162

109 cheesebisquit the Grave Robber (level 4, -1/25 HPs)
             Began as a Deep Elf Necromancer on Apr 22, 2023.
             Slain by Grinder (5 damage)
             ... on level 3 of the Dungeon.
             The game lasted 00:07:57 (2398 turns).

cheesebisquit the Grave Robber (DENe)               Turns: 2398, Time: 00:07:58

Health: -1/25      AC:  5    Str:  7    XL:     4   Next: 59%
Magic:  12/12      EV: 13    Int: 23    God:
Gold:   53         SH:  0    Dex: 15    Spells: 7/11 levels left

rFire   . . .        o - +0 great mace
rCold   . . .        (shield currently unavailable)
rNeg    . . .        a - +0 robe
rPois   .            s - +2 hat {Int+3}
rElec   .            e - +0 cloak
rCorr   .            (no gloves)
SInv    .            (no boots)
Will    .....        (no amulet)
Stlth   ++           (no ring)
HPRegen 0.24/turn    (no ring)
MPRegen 0.13/turn

%: no passive effects
@: no status effects
A: no striking features
a: no special abilities


You were on level 3 of the Dungeon.
You visited 1 branch of the dungeon, and saw 3 of its levels.

You collected 53 gold pieces.

Inventory:

Hand Weapons
 c - a +0 dagger
 o - a +0 great mace (weapon)
Armour
 a - a +0 robe (worn)
 e - a +0 cloak (worn)
 l - the +4 ring mail "Tett" {+Inv Fly rF+}
   (You found it on level 2 of the Dungeon)

   rF:        It protects you from fire.
   +Inv:      It lets you turn invisible.
   Fly:       It grants you flight.
 s - a +2 hat of intelligence (worn)
Jewellery
 p - a ring of fire
Scrolls
 f - 3 scrolls of identify {unknown}
 g - 2 scrolls of blinking {unknown}
 h - a scroll of amnesia {unknown}
 q - a scroll of vulnerability {unknown}
 r - a scroll of fear {unknown}
Potions
 b - 2 potions of magic
 d - 2 potions of curing {unknown}
 i - a potion of ambrosia {unknown}
 j - a potion of heal wounds {unknown}
 k - a potion of haste {unknown}
 m - a potion of mutation {unknown}
 n - 2 potions of attraction {unknown}


   Skills:
 + Level 1.6 Fighting
 + Level 3.5 Dodging
 - Level 2.4 Stealth
 + Level 4.2 Spellcasting
 + Level 5.5 Necromancy


You had 7 spell levels left.
You knew the following spells:

 Your Spells              Type           Power      Damage    Failure   Level
a - Necrotise             Necr           100%       1d9       1%          1
b - Vampiric Draining     Necr           30%        2d8       3%          3

Your spell library contained the following spells:

 Spells                   Type           Power      Damage    Failure   Level
 Animate Dead             Necr           30%        N/A       11%         4
 Agony                    Necr           30%        N/A       30%         5


Dungeon Overview and Level Annotations

Branches:
Dungeon (3/15)

Altars:

Annotations:
D:3 Grinder


Message History

Grinder is lightly wounded.
Grinder gestures at you. Pain shoots through your body!
Grinder gestures at you.
You suddenly lose the ability to move!
Grinder hits you but does no damage.
You can move again.
Casting: Necrotise (safe; 1% risk of failure)
Confirm with . or Enter, or press ? or * to list all spells.
You can't see any susceptible monsters within range! (Use Z to cast anyway.)
Press: ? - help, v - describe, . - travel
Here: Grinder (lightly wounded)
The floor.
Okay, then.
Okay, then.
You sock Grinder!
Grinder is moderately wounded.
Grinder closely misses you.
You barely miss Grinder.
Grinder is moderately wounded.
Grinder blinks! x2
Grinder is nearby!
Grinder blinks!
Grinder is nearby!
You hit Grinder.
Grinder is heavily wounded.
Grinder hits you. Grinder hits you!
You writhe in agony.
You closely miss Grinder.
Grinder is heavily wounded.
Grinder gestures at you.
You suddenly lose the ability to move!
Grinder gestures at you. Pain shoots through your body!
You can move again.
You closely miss Grinder.
Grinder is heavily wounded.
Grinder hits you!
* * * LOW HITPOINT WARNING * * *
You writhe in agony.
You die...

#<# #.# #.# #.# #.#
#.########
#.#####.........
####.##.....######
#...#.......†......
##.##.##.#..#...##..
#...#.##5#..#..)#
###...#.##@#........
###.......##.#..#...##.
................##..# #
###.......##.#### ..#
###...####.# #.... ...
##### ##.## #.# #.#


You could see Grinder.

Vanquished Creatures
  A gnoll (D:1)
  4 adders
  2 dart slugs (D:1)
  2 ball pythons (D:2)
  2 endoplasms
  A giant cockroach (D:2)
  5 goblins
  9 hobgoblins
  9 jackals
  4 kobolds
  3 quokkas
  2 frilled lizards (D:1)
  6 rats
50 creatures vanquished.

Vanquished Creatures (collateral kills)
  A worm (D:3)
1 creature vanquished.

Grand Total: 51 creatures vanquished

Notes
Turn   | Place    | Note
-------+----------+-------------------------------------------
     0 | D:1      | cheesebisquit the Deep Elf Necromancer began the quest for
                  | the Orb.
     0 | D:1      | Reached XP level 1. HP: 10/10 MP: 6/6
   232 | D:1      | Reached skill level 5 in Necromancy
   232 | D:1      | Reached XP level 2. HP: 16/16 MP: 2/8
   994 | D:1      | Reached XP level 3. HP: 20/20 MP: 7/10
  1260 | D:2      | Reached skill level 1 in Fighting
  1367 | D:2      | Learned a level 3 spell: Vampiric Draining
  1381 | D:2      | Identified the +4 ring mail "Tett" {+Inv Fly rF+}
  1674 | D:2      | Reached XP level 4. HP: 25/25 MP: 8/12
  2317 | D:3      | Noticed Grinder
  2383 | D:3      | Paralysed by Grinder for 2 turns
  2396 | D:3      | Paralysed by Grinder for 2 turns
  2398 | D:3      | Slain by Grinder

Illustrated notes

Levels and vault maps discovered:
D:1:      eino_arrival_cavern_a, layout_loops_corners, due_unseen_surprise
D:2:      layout_basic
D:3:      layout_loops_ring, shapermc_ecumenical_altar_mp_highgroup,
          uniq_grinder, uniq_terence, uniq_ijyb

Skill      XL: |  1  2  3 |
---------------+----------+-----
Necromancy     | 5 |  5.5
Dodging        | 3 |  3.5
Fighting       | 1 |  1.6
Spellcasting   | 4 |  4.2
Stealth        | |  2.4

Action                     |  1- 3 |  4- 6 || total
---------------------------+-------+-------++-------
  Melee: Great mace        |       |     8 ||     8
   Cast: Necrotise         |    62 |    34 ||    96
 Armour: Robe              |     7 |     3 ||    10
  Dodge: Dodged            |    10 |     5 ||    15

Table legend: (Time is in decaauts)
 A = Elapsed time spent in this place.
 B = Non-inter-level travel time spent in this place.
 C = Inter-level travel time spent in this place.
 D = Time resting spent in this place.
 E = Time spent auto-exploring this place.
 F = Levels seen in this place.
 G = Mean time per level.
                   A        B        C        D        E       F      G
               +--------+--------+--------+--------+--------+-----+--------+
         Total |   2402 |   2238 |    164 |      0 |   1917 |   3 |  800.7 |
       Dungeon |   2402 |   2238 |    164 |      0 |   1917 |   3 |  800.7 |
               +--------+--------+--------+--------+--------+-----+--------+

Top non-repeatable levels by time:
     D:1: 1251 daAuts
     D:2: 978 daAuts
     D:3: 172 daAuts
